 Dungeon Crawl Stone Soup version 0.29.0-13-gc9e81de378 (webtiles) character file.

Game seed: 18051884726229407895

935 xian the Trooper (level 8, -3/84 HPs)
             Began as an Ogre Berserker on Sept 9, 2022.
             Was a Believer of Trog.
             Slain by an orc
             ... wielding a +0 hand axe
              (6 damage)
             ... on level 5 of the Dungeon.
             The game lasted 00:11:34 (6662 turns).

xian the Trooper (Ogre Berserker)                   Turns: 6662, Time: 00:11:34

Health: -3/84      AC:  3    Str: 24    XL:     8   Next: 11%
Magic:  8/8        EV: 10    Int:  8    God:    Trog [**....]
Gold:   355        SH:  0    Dex:  8    Spells: 7/7 levels left

rFire   . . .      SeeInvis .   h - +0 demon blade
rCold   . . .      Faith    .   (no shield)
rNeg    . . .      Spirit   .   b - +0 animal skin
rPois   .          Reflect  .   (helmet restricted)
rElec   .          Harm     .   (no cloak)
rCorr   .          Rampage  .   (gloves unavailable)
Will    .....                   (boots unavailable)
Stlth   +.........              (no amulet)
HPRegen 0.24/turn               (no ring)
MPRegen 0.11/turn               (no ring)

@: on berserk cooldown, slowed, very slow
A: large, unfitting armour, tough skin 1
a: Renounce Religion, Berserk, Trog's Hand


You were on level 5 of the Dungeon.
You worshipped Trog.
Trog was pleased with you.
You visited 2 branches of the dungeon, and saw 6 of its levels.

You collected 355 gold pieces.

Inventory:

Hand Weapons
 h - a +0 demon blade (weapon)
Missiles
 c - 6 poisoned darts (quivered)
Armour
 b - a +0 animal skin (worn)
Wands
 o - a wand of digging (1)
Scrolls
 d - a scroll of amnesia {unknown}
 f - 2 scrolls of teleportation {unknown}
 k - a scroll of vulnerability {unknown}
 n - 4 scrolls of identify {unknown}
 p - 3 scrolls of summoning {unknown}
Potions
 a - a potion of haste {unknown}
 e - a potion of mutation {unknown}
 g - a potion of degeneration
 i - a potion of curing
 j - a potion of lignification
 l - a potion of ambrosia {unknown}
 m - a potion of resistance
 q - a potion of attraction {unknown}


   Skills:
 + Level 6.6 Fighting
 + Level 5.8 Long Blades
 + Level 3.9 Axes
 + Level 4.1 Dodging
 + Level 1.1 Stealth


You had 7 spell levels left.
You didn't know any spells.
Your spell library contained the following spells:

 Spells                   Type           Power      Damage    Failure   Level
 Magic Dart               Conj           0%         1d3       41%         1
 Searing Ray              Conj           0%         2d4       54%         2
 Fulminant Prism          Conj/Hex       0%         3d6       99%         4


Dungeon Overview and Level Annotations

Branches:
Dungeon (5/15)             Temple (1/1) D:4

Altars:
Ashenzari
Dithmenos
Elyvilon
Fedhas
Gozag
Kikubaaqudgha
Qazlal
Ru
Uskayaw
Vehumet
Xom
Yredelemnul
Zin
The Shining One

Shops:
D:4 *


Innate Abilities, Weirdness & Mutations

You are too large for most types of armour.
You have tough skin. (AC +1)


Message History

Unknown command.
You closely miss something.
You are no longer berserk.
You are exhausted.
You feel yourself slow down.
You feel sick. Something hits you. Something hits you but does no damage.
You barely miss something.
You feel very sick.
You hear some strange, mumbled words.
A puff of flame appears from out of thin air!
The puff of flame hits you!
* * * LOW HITPOINT WARNING * * *
Something hits you.
* * * LOW HITPOINT WARNING * * *
The orc closely misses you. Something hits you.
* * * LOW HITPOINT WARNING * * *
The orc hits you with a +0 hand axe.
* * * LOW HITPOINT WARNING * * *
Something hits you.
* * * LOW HITPOINT WARNING * * *
You closely miss the orc.
You feel sick. Something hits you.
* * * LOW HITPOINT WARNING * * *
Something hits you.
* * * LOW HITPOINT WARNING * * *
The orc hits you with a +0 hand axe.
* * * LOW HITPOINT WARNING * * *
The orc hits you with a +0 hand axe.
* * * LOW HITPOINT WARNING * * *
It was a potion of curing.
You feel better. Something hits you.
* * * LOW HITPOINT WARNING * * *
Something hits you.
* * * LOW HITPOINT WARNING * * *
The orc completely misses you. The orc barely misses you.
Something hits you but does no damage. The orc closely misses you.
The orc hits you with a +0 hand axe.
* * * LOW HITPOINT WARNING * * *
Something hits you.
* * * LOW HITPOINT WARNING * * *
The orc hits you with a +0 hand axe.
You die...

.).........
........##......
........##......
................
$..........##...
###........####..#. #.
#......... ###....
#.#####ooo...... #...#)#
#.......@######.###.#.#..
##.###.#){.......#...#....
#........######...........
#.........................
#.....#####...............
#.##.######.###...........
# #.........# #.........##
#........# #...........
##.......## #.......[..#


You could see 3 orcs.

Vanquished Creatures
  2 ogres (D:5)
  A phantom (D:4)
  A necrophage (D:5)
  2 scorpions
  3 orc priests
  2 hounds (D:4)
  A jelly (D:4)
  5 iguanas
  An orc wizard (D:2)
  Robin (D:2)
  3 gnolls (D:3)
  4 adders
  A dart slug (D:2)
  16 orcs
  6 bats
  2 endoplasms
  5 giant cockroaches
  15 goblins
  7 hobgoblins
  2 jackals (D:1)
  3 quokkas
  7 ball pythons
  4 frilled lizards
  3 kobolds
  7 rats
104 creatures vanquished.

Vanquished Creatures (others)
  10 plants (D:3)
10 creatures vanquished.

Grand Total: 114 creatures vanquished

Notes
Turn   | Place    | Note
-------+----------+-------------------------------------------
     0 | D:1      | xian the Ogre Berserker began the quest for the Orb.
     0 | D:1      | Reached XP level 1. HP: 24/24 MP: 1/1
   177 | D:1      | Reached XP level 2. HP: 3/32 MP: 2/2
  1079 | D:2      | Reached XP level 3. HP: 36/40 MP: 3/3
  1534 | D:2      | Found a faded altar of an unknown god.
  1575 | D:2      | Reached XP level 4. HP: 6/49 MP: 4/4
  2232 | D:2      | Reached skill level 1 in Long Blades
  2478 | D:2      | Identified the +1 helmet "Qoitwual" {Rampage rF+ Str+4
                  | Dex-5}
  2478 | D:2      | Noticed Robin
  2494 | D:2      | Killed Robin
  2494 | D:2      | Reached ** piety under Trog
  2495 | D:2      | Reached XP level 5. HP: 51/55 MP: 5/5
  2575 | D:2      | HP: 3/82 [poisoned by an adder]
  3145 | D:3      | Found a shadowy altar of Dithmenos.
  3416 | D:3      | Reached skill level 5 in Fighting
  4233 | D:4      | Found an opulent altar of Gozag.
  4235 | D:4      | Found Gozag's Platinum Reserve.
  4296 | D:4      | Reached XP level 6. HP: 44/66 MP: 6/6
  4942 | D:4      | Found a staircase to the Ecumenical Temple.
  4955 | Temple   | Entered the Ecumenical Temple
  5273 | D:4      | Reached XP level 7. HP: 71/71 MP: 7/7
  5691 | D:4      | Reached skill level 6 in Fighting
  5759 | D:5      | Entered Level 5 of the Dungeon
  5782 | D:5      | Reached skill level 1 in Stealth
  6289 | D:5      | Reached skill level 5 in Long Blades
  6541 | D:5      | Reached XP level 8. HP: 68/84 MP: 8/8
  6662 | D:5      | HP: 3/84 [something (4)]
  6662 | D:5      | Slain by an orc

Illustrated notes

Levels and vault maps discovered:
D:1:      ebering_trefoil_twist, layout_basic,
          amcnicky_mini_rare_corridor_liquid
D:2:      layout_basic, shapermc_ecumenical_altar_totnotflames, uniq_robin
D:3:      layout_loops_corners, mainiacjoe_overflow_24_doors, serial_bayou,
          serial_bayou_shore_b, serial_bayou_pond_b, serial_bayou_lagoon_b,
          serial_bayou_pond_d
D:4:      layout_loops_ring, nicolae_gozag_zags_fifth_avenue,
          minmay_temple_entry_arrows, grunt_ministairs_15
D:5:      layout_rooms
Temple:   hellmonk_temple_forest_ring

Skill      XL: |  1  2  3  4  5  6  7 |
---------------+----------------------+-----
Dodging        | 3 4 |  4.1
Long Blades    | 2 4 5 |  5.8
Fighting       | 5 6 |  6.6
Stealth        | 1 |  1.1
Axes           | |  3.9

Action                   |  1- 3 |  4- 6 |  7- 9 || total
-------------------------+-------+-------+-------++-------
Melee: Hand axe          |    64 |       |       ||    64
       Demon blade       |    40 |   184 |    78 ||   302
       Punch             |       |       |     3 ||     3
Invok: Berserk           |       |     7 |     3 ||    10
  Use: Potion            |       |     2 |     1 ||     3
Armor: Animal skin       |    51 |    55 |     9 ||   115
       Skin              |       |     1 |       ||     1
Dodge: Dodged            |    92 |   125 |    46 ||   263
